 Dungeon Crawl Stone Soup version 0.24.0-37-gcf1ca852f1 (webtiles) character file.

Game seed: 5399008699803822205, levelgen mode: deterministic

2 Heliosone the Scratcher (level 1, 4/9 HPs)
             Began as a Felid Transmuter on Dec 6, 2019.
             Quit the game on level 1 of the Dungeon.
             The game lasted 00:00:45 (58 turns).

Heliosone the Scratcher (Felid Transmuter)            Turns: 58, Time: 00:00:45

Health: 4/9        AC:  1    Str:  6    XL:     1   Next: 25%
Magic:  4/4        EV: 18    Int: 14    God:
Gold:   0          SH:  0    Dex: 16    Spells: 3/4 levels left
                                        Lives:  0   Deaths: 0

rFire    . . .     SeeInvis +     - Unarmed
rCold    . . .     Gourm    .   (shield unavailable)
rNeg     . . .     Faith    .   (armour unavailable)
rPois    .         Spirit   .   (helmet unavailable)
rElec    .         Reflect  .   (cloak unavailable)
rCorr    .         Harm     .   (gloves unavailable)
MR       .....                  (boots unavailable)
Stlth    ++........             (no amulet)
HPRegen  0.03/turn              (no ring)
MPRegen  0.09/turn              (no ring)

@: quick
A: very small, no armour, no weapons or thrown items, stealth, claws 1, fangs 3,
see invisible, carnivore, speed 1, shaggy fur 1, slow metabolism 1, sharp paws
a: no special abilities


You were on level 1 of the Dungeon.
You were not hungry.

You visited 1 branch of the dungeon, and saw 1 of its levels.

Inventory:

Missiles
 a - 12 arrows
Comestibles
 c - a ration


   Skills:
 - Level 1.0 Fighting
 - Level 2.6 Dodging
 + Level 1.1 Stealth
 - Level 3.0 Unarmed Combat
 - Level 2.0 Spellcasting
 - Level 2.1 Transmutations


You had 3 spell levels left.
You knew the following spells:

 Your Spells              Type           Power        Failure   Level  Hunger
a - Beastly Appendage     Tmut           #.....       10%         1    ##.....

Your spell library contained the following spells:

 Spells                   Type           Power        Failure   Level  Hunger
 Sticks to Snakes         Tmut           #.......     14%         2    ###....
 Spider Form              Tmut/Pois      #.........   41%         3    ####...
 Ice Form                 Ice/Tmut       #.......     83%         4    #####..
 Blade Hands              Tmut           #.........   95%         5    ######.


Dungeon Overview and Level Annotations

Branches:
Dungeon (1/15)

Altars:


Innate Abilities, Weirdness & Mutations

You cannot wear armour.
You are incapable of wielding weapons or throwing items.
Your paws allow you to move quietly. (Stealth)
You have sharp claws.
You have razor-sharp teeth.
You have supernaturally acute eyesight. (SInv)
You are carnivorous and can eat meat at any time.
You cover ground quickly.
You are covered in fur. (AC +1)
You have a slow metabolism.
Your sharp claws are effective at attacking unaware monsters.


Message History

A jackal is nearby!
A jackal is nearby!
The jackal barks!
You hear a shout!
The jackal barks!
A bat comes into view.
The jackal misses you.
Found 13 gold pieces.
You scratch the jackal.
The jackal is almost dead.
The bat closely misses you. The jackal completely misses you.
You barely miss the jackal.
The jackal is almost dead.
The bat completely misses you.
A bat comes into view.
The jackal misses you.
A hobgoblin comes into view. It is wielding a +0 club.
The jackal bites you. The jackal completely misses you.
The bat moves out of view.
Welcome back, Heliosone the Felid Transmuter.
Press ? for a list of commands and other information.
Are you sure you want to abandon this character and quit the game? (Confirm with "yes".)

............!.#
.........$....###
................
...............
#..... ..... #
#... ...
...g##.h###.#
#..b.h@....#
....##+###§## #
#§.≈≈≈.≈#
#§§§≈.≈≈#
#..#≈≈..§≈≈#.##
#...§≈.<§≈......
...#≈§...≈≈#....
# #≈§.≈.≈≈###..
#≈§§≈§.≈# .


You could see 2 jackals, a hobgoblin and a bat.

Vanquished Creatures
  A giant cockroach (D:1)
  A rat (D:1)
2 creatures vanquished.

Notes
Turn   | Place    | Note
-------+----------+-------------------------------------------
     0 | D:1      | Heliosone the Felid Transmuter began the quest for the Orb.
     0 | D:1      | Reached XP level 1. HP: 9/9 MP: 4/4
    17 | D:1      | Reached skill level 1 in Stealth
    58 | D:1      | Quit the game

Levels and vault maps discovered:
D:1:      ncdulo_lavacross, layout_rooms, minmay_small_reverse_x

Skill      XL: |  1 |
---------------+----+-----
Stealth        | 1 |  1.1
Fighting       | |  1.0
Dodging        | |  2.6
Unarmed Combat | |  3.0
Spellcasting   | |  2.0
Transmutations | |  2.1

Action                   || total
-------------------------++-------
Melee: Unarmed           ||    13
       Headbutt          ||     2
       Bite              ||     2
 Cast: Beastly Appendage ||     1
Dodge: Dodged            ||    15
